 Dungeon Sprint DCSS version 0.13-a0-2640-geebf78d (webtiles) character file.

311 Kae the Basher (level 6, -1/85 HPs)
             Began as a Minotaur Berserker on Aug 6, 2013.
             Was a High Priest of Trog.
             Killed from afar by a deep dwarf artificer (9 damage)
             ... with a wand of lightning
             ... in the Dungeon (Sprint V: "Ziggurat Sprint").
             The game lasted 00:05:17 (573 turns).

Kae the Basher (Minotaur Berserker)                  Turns: 573, Time: 00:05:18

HP  -1/85        AC 22     Str 26      XL: 6   Next: 10%
MP   0/2         EV  4     Int  6      God: Trog [*****.]
Gold 20          SH  0     Dex 16      Spells:  0 memorised,  5 levels left

Res.Fire  : . . .   See Invis. : .   a - +5 great mace
Res.Cold  : . . .   Warding    : .   y - +5 crystal plate armour
Life Prot.: . . .   Conserve   : .   (no shield)
Res.Poison: .       Res.Corr.  : .   (helmet restricted)
Res.Elec. : .       Clarity    : .   (no cloak)
Sust.Abil.: . .     Spirit.Shd : +   (no gloves)
Res.Mut.  : .       Prev.Telep.: +   (no boots)
Res.Rott. : .       Flight     : .   C - amulet of guardian spirit
Saprovore : . . .                    (no ring)
                                     r - +6 ring of dexterity

@: regenerating, berserking, mildly poisoned, very quick, quite resistant to
hostile enchantments, extremely unstealthy
A: retaliatory headbutt, horns 2
a: Burn Spellbooks, Berserk, Trog's Hand, Brothers in Arms, Renounce Religion


You were in the Dungeon.
You worshipped Trog.
Trog was exalted by your worship.
You were not hungry.

You visited 1 branch

Inventory:

Hand weapons
 a - a +5,+5 great mace (weapon)
 b - a +5,+5 demon whip
Armour
 y - a +5 crystal plate armour (worn)
Magical devices
 s - a wand of disintegration (7)
 t - a wand of fire (5)
 u - a wand of cold (5)
 v - a wand of draining (5)
Comestibles
 c - 5 bread rations
 p - 42 strawberries
 q - 4 meat rations
Scrolls
 i - 4 scrolls of blinking
 j - 3 scrolls of recharging
 k - 5 scrolls of fog
 l - a scroll of holy word
 m - 5 scrolls of identify
 n - 3 scrolls of remove curse
 o - 2 scrolls of fear
Jewellery
 r - a +6 ring of dexterity (left hand)
 x - an uncursed ring of protection from cold
 C - an amulet of guardian spirit (around neck)
Potions
 d - 10 potions of curing
 e - 10 potions of heal wounds
 f - 6 potions of speed
 g - 2 potions of magic
 h - a potion of berserk rage
 w - 5 potions of agility
 z - 2 potions of invisibility
 A - 5 potions of might
 B - 2 potions of restore abilities


   Skills:
 + Level 8.6 Fighting
 + Level 12.5 Maces & Flails
 + Level 6.0 Armour
 + Level 4.0 Dodging


You had 5 spell levels left.
You didn't know any spells.

Dungeon Overview and Level Annotations

Branches:
Dungeon (1/1)

Altars:
Ashenzari
Cheibriados
Elyvilon
Fedhas
Kikubaaqudgha
Makhleb
Nemelex Xobeh
Okawaru
Sif Muna
Trog
Vehumet
Xom
Yredelemnul
Zin
the Shining One
Beogh
Jiyva
Lugonu


Innate Abilities, Weirdness & Mutations

You reflexively headbutt those who attack you in melee.
You have a pair of horns on your head.


Message History

* * * LOW HITPOINT WARNING * * *
The deep dwarf hits you but does no damage.
Unknown command.
Unknown command.
You thump the deep dwarf!
The deep dwarf is lightly wounded.
The deep dwarf artificer zaps a wand.
The bolt of lightning hits you!
* * * LOW HITPOINT WARNING * * *
The deep dwarf artificer zaps a wand.
The puff of flame hits you!
One of your 4 scrolls of remove curse catches fire!
The deep dwarf shoots a bolt of flame.
The bolt of flame hits you!
Two of your 7 scrolls of fog catch fire!
* * * LOW HITPOINT WARNING * * *
You completely miss the deep dwarf.
The deep dwarf is lightly wounded.
* * * LOW HITPOINT WARNING * * *
You feel sick.
The deep dwarf hits you but does no damage.
The deep dwarf artificer zaps a wand.
The bolt of lightning hits you!
You die...

#.....#.....#.....#
#.....#.....#######
###################
#..8©8...#..8©8...#
#..)}....#..}.|...#
#...:....#....}...#
#........#...q....#
#..[))...#..q.q...#
#.#....#.#.#)@q.#.#
#........#........#
###################


You could see 2 deep dwarf artificers and 2 deep dwarves.

Vanquished Creatures
  A deep dwarf (D)
  3 orc priests (D)
  2 orc wizards (D)
  An adder (D)
  2 giant centipedes (D)
  A giant mite (D)
  3 orcs (D)
  A ball python (D)
14 creatures vanquished.

Notes
Turn   | Place    | Note
--------------------------------------------------------------
     0 | D        | Kae, the Minotaur Berserker, began the quest for the Orb.
     0 | D        | Reached XP level 1. HP: 19/19 MP: 0/0
     1 | D        | Found an ancient bone altar of Kikubaaqudgha.
     1 | D        | Found a white marble altar of Elyvilon.
     2 | D        | Found an iron altar of Okawaru.
     2 | D        | Found a burning altar of Makhleb.
    16 | D        | Found a radiant altar of Vehumet.
    16 | D        | Found a deep blue altar of Sif Muna.
    16 | D        | Found a basalt altar of Yredelemnul.
    16 | D        | Found a sparkling altar of Nemelex Xobeh.
    20 | D        | Found a bloodstained altar of Trog.
    47 | D        | Found a shimmering altar of Xom.
   144 | D        | Reached skill level 9 in Maces & Flails
   144 | D        | Reached XP level 2. HP: 26/26 MP: 0/0
   148 | D        | Entered arena 1.
   166 | D        | Entered arena 2.
   169 | D        | Acquired Trog's second power
   170 | D        | Reached skill level 10 in Maces & Flails
   170 | D        | Reached XP level 3. HP: 30/33 MP: 1/1
   324 | D        | Entered arena 3.
   324 | D        | Noticed an orc wizard
   324 | D        | Noticed an orc priest
   324 | D        | Noticed an orc priest
   328 | D        | Killed an orc priest
   328 | D        | Reached skill level 5 in Fighting
   328 | D        | Reached XP level 4. HP: 38/40 MP: 1/1
   332 | D        | Killed an orc wizard
   332 | D        | Acquired Trog's third power
   335 | D        | Killed an orc priest
   335 | D        | Reached skill level 11 in Maces & Flails
   539 | D        | Entered arena 4.
   539 | D        | Noticed an orc priest
   539 | D        | Noticed an orc wizard
   543 | D        | Killed an orc priest
   543 | D        | Reached XP level 5. HP: 48/48 MP: 1/1
   546 | D        | Killed an orc wizard
   546 | D        | Reached skill level 5 in Armour
   563 | D        | Entered arena 5.
   563 | D        | Noticed a deep dwarf
   563 | D        | Noticed a deep dwarf artificer
   563 | D        | Noticed a deep dwarf
   563 | D        | Noticed a deep dwarf artificer
   563 | D        | Noticed a deep dwarf
   571 | D        | Killed a deep dwarf
   571 | D        | Received a gift from Trog
   571 | D        | Reached skill level 12 in Maces & Flails
   571 | D        | Reached XP level 6. HP: 25/57 MP: 0/2
   573 | D        | Killed from afar by a deep dwarf artificer

Action                   |  1- 3 |  4- 6 || total
-------------------------+-------+-------++-------
Melee: Great mace        |     7 |    20 ||    27
Invok: Berserk           |       |     1 ||     1
       Trog's Hand       |       |     1 ||     1
  Use: Potion            |     1 |       ||     1
